AoeStats
← toniotomassi

Arena

507809065Analyzed
2v2 RM · 12d ago on Sep 19, 2026· 37m 15s· 4 players
Game mode
Random Map
Map size
Medium (4 player)
Population
200
Speed
Normal
Resources
Standard
Victory
Conquest
Starting age
Dark Age
Ending age
Imperial Age
RankedLock teamsTeams togetherTeam positionsShared explorationLock speedFull tech treeHidden civsTurbo modeCheats
Victory
Defeat
🇮🇳 Byzantines · India
850
+16
🇬🇧 Franks · United Kingdom
825
+17
🇦🇷 Byzantines · Argentina
862
-17
🇦🇷 Goths · Argentina
846
-16
Donelson
13:32 Feudal Age
14:29 Double-Bit Axe
18:31 Castle Age
16:39 Town Watch
19:38 Wheelbarrow
19:55 Scale Mail Armor
20:19 Gold Mining
24:51 Ballistics
25:42 #83
27:05 Chain Mail Armor
29:39 Fletching
32:48 Forging
36:38 Imperial Age
35:58 Town Patrol
boomxboom
5:10 Loom
11:52 Feudal Age
15:37 Double-Bit Axe
15:52 Horse Collar
15:56 Man-at-Arms
21:30 Castle Age
21:00 Gold Mining
21:58 Crossbowman
24:27 Bow Saw
29:23 Heavy Plow
30:00 Gold Shaft Mining
29:22 Stone Mining
31:35 Stone Shaft Mining
32:30 Wheelbarrow
32:03 Long Swordsman
32:29 Gambesons
35:15 Murder Holes
36:38 Thumb Ring
40:06 Imperial Age
Vagoneta3D
12:20 Feudal Age
13:16 Double-Bit Axe
20:38 Castle Age
18:49 Fletching
19:13 Horse Collar
19:33 Stone Mining
20:09 Forging
20:36 Gold Mining
20:50 Scale Mail Armor
20:54 Padded Archer Armor
21:40 Elite Skirmisher
22:27 Squires
21:51 Light Cavalry
22:38 Husbandry
23:01 Heavy Plow
24:50 Wheelbarrow
23:52 Pikeman
33:29 Imperial Age
32:07 Bodkin Arrow
34:17 Leather Archer Armor
33:49 Cavalier
34:54 Hand Cart
36:36 Conscription
37:31 Scale Barding Armor
toniotomassi
0:27 Loom
11:58 Feudal Age
13:15 Wheelbarrow
16:53 Stone Mining
16:45 Horse Collar
16:59 Double-Bit Axe
21:25 Castle Age
22:43 Squires
23:12 Horse Collar
24:13 Gold Mining
25:38 Bow Saw
25:53 Pikeman
28:24 Anarchy
28:58 Forging
28:48 Scale Mail Armor
28:59 Scale Mail Armor
29:47 Heavy Plow
31:43 Hand Cart
31:49 Town Watch
34:14 Iron Casting
33:55 Chain Mail Armor
39:38 Imperial Age
Connection lost

Rejoining the realm…

Still unreachable

The connection could not be restored.

Session expired

The server has moved on; the page needs a fresh start.